 Dungeon Crawl Stone Soup version 0.28.0-53-g5a82cb258f (webtiles) character file.

Game seed: 5762020705946617387

130 Legadrian the Skirmisher (level 5, 0/36 HPs)
             Began as a Gargoyle Fighter on July 7, 2022.
             Slain by a river rat (1 damage)
             ... on level 4 of the Dungeon.
             The game lasted 00:06:48 (2736 turns).

Legadrian the Skirmisher (Gargoyle Fighter)         Turns: 2736, Time: 00:06:49

Health: 0/36       AC: 10    Str: 21    XL:     5   Next: 14%
Magic:  5/5        EV:  9    Int:  9    God:
Gold:   132        SH:  4    Dex:  9    Spells: 4/4 levels left

rFire   . . .      SeeInvis .   r - +0 dagger (elec)
rCold   . . .      Faith    .   c - +0 buckler
rNeg    + . .      Spirit   .   b - +0 scale mail
rPois   ∞          Reflect  .   (no helmet)
rElec   +          Harm     .   (no cloak)
rCorr   +          Rampage  .   (no gloves)
Will    .....                   (no boots)
Stlth   ..........              (no amulet)
HPRegen 0.12/turn               t - ring of resist corrosion
MPRegen 0.09/turn               (no ring)

@: mighty, very slow
A: sickness immunity, AC +4, negative energy resistance 1, electricity
resistance, torment resistance 1, petrification resistance
a: no special abilities


You were on level 4 of the Dungeon.
You visited 1 branch of the dungeon, and saw 4 of its levels.

You collected 132 gold pieces.

Inventory:

Hand Weapons
 a - a +0 flail
 r - a +0 dagger of electrocution (weapon)
Missiles
 i - 5 poisoned darts (quivered)
 k - 55 stones
 s - 24 bolts
Armour
 b - a +0 scale mail (worn)
 c - a +0 buckler (worn)
 g - an orb of energy
Jewellery
 t - a ring of resist corrosion (left hand)
Scrolls
 e - a scroll of blinking {unknown}
 f - a scroll of enchant weapon {unknown}
 l - 2 scrolls of noise {unknown}
 m - a scroll of amnesia {unknown}
 o - 4 scrolls of identify {unknown}
 p - 2 scrolls of holy word {unknown}
Potions
 d - a potion of might
 h - 2 potions of curing {unknown}
 j - 2 potions of resistance {unknown}
 n - a potion of haste {unknown}
 q - 2 potions of flight {unknown}
 u - a potion of heal wounds {unknown}


   Skills:
 + Level 6.2 Fighting
 - Level 2.0 Maces & Flails
 - Level 3.2 Armour
 - Level 3.2 Shields


You had 4 spell levels left.
You didn't know any spells.
Your spell library contained the following spells:

 Spells                   Type           Power      Damage    Failure   Level
 Freeze                   Ice            0%         1d3       82%         1
 Frozen Ramparts          Ice            0%         1d2       99%         3
 Hailstorm                Conj/Ice       0%         3d3       100%        4


Dungeon Overview and Level Annotations

Branches:
Dungeon (4/15)
 Temple: D:4-7

Altars:
Yredelemnul

Shops:
D:4 *


Innate Abilities, Weirdness & Mutations

You are immune to sickness and miasma.
Your stone body is resilient. (AC +4)
You are immune to poison.
You resist negative energy. (rN+)
You are resistant to electric shocks. (rElec)
You are resistant to unholy torment.
You are immune to petrification.


Message History

* * * LOW HITPOINT WARNING * * *
Your unstable footing causes you to fumble your attack.
You block the adder's attack.
You completely miss the adder. You block the adder's attack.
Your unstable footing causes you to fumble your attack.
You block the adder's attack. The adder bites you but does no damage.
Your unstable footing causes you to fumble your attack.
You block the adder's attack.
You puncture the adder!
The adder is almost dead.
You block the adder's attack.
You puncture the adder! Lightning courses through the adder!
You kill the adder!
Your Fighting skill increases to level 6!
Your unstable footing causes you to fumble your attack.
The river rat bites you.
* * * LOW HITPOINT WARNING * * *
Your unstable footing causes you to fumble your attack.
You hear the brisk rusting of a drain very nearby.
The river rat closely misses you.
You puncture the river rat!
Lightning courses through the river rat!
You kill the river rat!
You have reached level 5!
Your unstable footing causes you to fumble your attack.
You hit the river rat.
The river rat is severely wounded.
The river rat bites you.
* * * LOW HITPOINT WARNING * * *
The river rat bites you but does no damage.
You hit the river rat.
Lightning courses through the river rat!!
You kill the river rat!
The river rat bites you but does no damage.
Your unstable footing causes you to fumble your attack.
The river rat completely misses you.
You hit the river rat.
The river rat is moderately wounded.
You block the river rat's attack. The river rat bites you.
You die...

##....# #.....#
+.....# #.....#
##....# ##...# #
##..####≈#≈#
##'#r†≈≈≈≈#
#.#@########..
#####.#≈≈≈≈≈≈≈≈≈..
#.....####≈#≈#≈≈.
#>##....≈≈≈≈≈.≈...
#.......≈.......
##............##
..............##
#.#####.######## #
..#


You could see a river rat.

Vanquished Creatures
  A hound (D:4)
  2 adders
  4 river rats (D:4)
  A worm (D:2)
  A dart slug (D:2)
  An orc (D:3)
  8 ball pythons
  4 bats
  2 endoplasms (D:1)
  A giant cockroach (D:1)
  4 goblins (D:2)
  A hobgoblin (D:1)
  5 kobolds
  2 quokkas
  2 frilled lizards (D:1)
  4 rats
43 creatures vanquished.

Notes
Turn   | Place    | Note
-------+----------+-------------------------------------------
     0 | D:1      | Legadrian the Gargoyle Fighter began the quest for the Orb.
     0 | D:1      | Reached XP level 1. HP: 14/14 MP: 1/1
   188 | D:1      | Reached XP level 2. HP: 17/20 MP: 2/2
   262 | D:1      | Reached skill level 4 in Fighting
   694 | D:1      | Found a faded altar of an unknown god.
  1229 | D:2      | Reached XP level 3. HP: 22/24 MP: 3/3
  1823 | D:2      | Reached skill level 5 in Fighting
  2297 | D:3      | Noticed an ogre
  2374 | D:4      | Found a basalt altar of Yredelemnul.
  2417 | D:4      | Found Huytety's Elemental Accessories.
  2457 | D:4      | Reached XP level 4. HP: 30/32 MP: 4/4
  2729 | D:4      | Reached skill level 6 in Fighting
  2732 | D:4      | Reached XP level 5. HP: 5/36 MP: 5/5
  2733 | D:4      | HP: 1/36 [river rat (4)]
  2736 | D:4      | Slain by a river rat

Illustrated notes

Levels and vault maps discovered:
D:1:      dpeg_arrival_refuge, layout_loops_ring, basic_ecumenical_altar,
          minmay_misc_feat_room
D:2:      layout_basic, kennysheep_crisscross
D:3:      layout_basic
D:4:      layout_loops_corners, mainiacjoe_overflow_chevrons,
          lightli_sewer_entry_pipes, nicolae_elemental_shop

Skill      XL: |  1  2  3  4 |
---------------+-------------+-----
Fighting       | 4 5 6 |  6.2
Maces & Flails | |  2.0
Armour         | |  3.2
Shields        | |  3.2

Action                   |  1- 3 |  4- 6 || total
-------------------------+-------+-------++-------
Melee: Flail             |   102 |       ||   102
       Dagger            |    14 |    39 ||    53
  Use: Potion            |       |     1 ||     1
Armor: Scale mail        |    59 |    12 ||    71
Dodge: Dodged            |    60 |    10 ||    70
Block: Buckler           |    24 |     9 ||    33
